 Dungeon Crawl Stone Soup version 0.30-a0-578-gdee14c521f (webtiles) character file.

Game seed: 14076343730448065296

697 wormed the Covert (level 7, -3/44 HPs)
             Began as a Kobold Delver on Jan 1, 2023.
             Slain by a shadow (9 damage)
             ... on level 6 of the Dungeon.
             The game lasted 00:04:25 (1503 turns).

wormed the Covert (Kobold Delver)                   Turns: 1503, Time: 00:04:26

Health: -3/44      AC:  3    Str: 10    XL:     7   Next: 97%
Magic:  7/7        EV: 16    Int: 11    God:
Gold:   126        SH:  0    Dex: 18    Spells: 6/6 levels left

rFire   . . .      SeeInvis .    a - +0 short sword (heavy)
rCold   . . .      Faith    .    (no shield)
rNeg    . . .      Spirit   .    b - +0 leather armour
rPois   .          Reflect  .    (no helmet)
rElec   .          Harm     .    (no cloak)
rCorr   .          Rampage  .    (no gloves)
Will    .....                    (no boots)
Stlth   +++++                    (no amulet)
HPRegen 0.27/turn                (no ring)
MPRegen 0.10/turn                (no ring)

@: no status effects
A: small, no large weapons, nightstalker 3
a: no special abilities


You were on level 6 of the Dungeon.
You visited 1 branch of the dungeon, and saw 4 of its levels.

You collected 126 gold pieces.

Inventory:

Hand Weapons
 a - a +0 heavy short sword (weapon)
Armour
 b - a +0 leather armour (worn)
Wands
 g - a wand of digging (1)
Scrolls
 e - 2 scrolls of amnesia
 f - a scroll of identify


   Skills:
 + Level 5.1 Fighting
 * Level 7.2 Short Blades
 + Level 4.9 Dodging
 + Level 8.4 Stealth


You had 6 spell levels left.
You didn't know any spells.
Your spell library was empty.

Dungeon Overview and Level Annotations

Branches:
Dungeon (7/15)             Temple (0/1) D:6

Altars:
Hepliaklqana

Annotations:
D:5 Blork the orc


Innate Abilities, Weirdness & Mutations

You are small and have problems with some larger weapons.
You are completely attuned to the shadows.


Message History

You assume a fearsome visage.
The shadow is unaffected.
The shadow hits you.
The shadow slips into darkness.
The shadow flickers and vanishes!
Deactivating autopickup; reactivate with Ctrl-A.
The shadow strikes at you from the darkness!
Reactivating autopickup.
The shadow slips into darkness.
The shadow flickers and vanishes!
Deactivating autopickup; reactivate with Ctrl-A.
The shadow strikes at you from the darkness!
* * * LOW HITPOINT WARNING * * *
Reactivating autopickup.
You barely miss the shadow.
The shadow is lightly damaged.
As you read the scroll labelled DUTA ULOAQYFUF, it crumbles to dust.
It is a scroll of identify.
e - 2 scrolls of amnesia The shadow slips into darkness.
The shadow flickers and vanishes!
Deactivating autopickup; reactivate with Ctrl-A.
As you read the scroll of identify, it crumbles to dust.
d - a scroll of brand weapon The shadow strikes at you from the darkness!
* * * LOW HITPOINT WARNING * * *
Reactivating autopickup.
As you read the scroll of fog, it crumbles to dust.
The scroll dissolves into smoke.
The shadow hits you.
* * * LOW HITPOINT WARNING * * *
Throw: throwing net
Press: ? - help, Q - select action Shift-Dir - straight line, f - shadow
Aim: a shadow (black smoke, lightly damaged, 63% to hit, immune to nets)
You throw a throwing net. The throwing net hits the shadow.
The net passes right through the shadow!
The shadow is lightly damaged.
The shadow barely misses you.
As you read the scroll of brand weapon, it crumbles to dust.
Your +0 short sword becomes incredibly heavy!
a - a +0 heavy short sword (weapon)
The shadow hits you!
You die...

#####.##.# #.# ...
#.##.######.# .⌠..
####.....§§§# ...>
#.########§§## #.# #§§§#
#.# #§#.# ## ##.#####
#§#.# .# #..>...# #W#.##
## #..###.# #@#..#
##....#####§##.#####
##########..............#
........................#
#################.......#
#....[..# #.......#
#.......# #########


You could see a shadow.

Vanquished Creatures
  A steam dragon (D:6)
  Menkaure (D:7)
  An ogre (D:5)
  A bullfrog (D:6)
  A scorpion (D:6)
  2 necrophages (D:6)
  An iguana (D:5)
  An orc wizard (D:6)
  3 adders (D:5)
  3 gnolls (D:5)
  An ufetubus (D:6)
  4 orcs
  A goblin (D:5)
  A kobold (D:4)
  A spectral goblin (D:5)
23 creatures vanquished.

Notes
Turn   | Place    | Note
-------+----------+-------------------------------------------
     0 | D:5      | wormed the Kobold Delver began the quest for the Orb.
     0 | D:5      | Reached XP level 1. HP: 14/14 MP: 1/1
    13 | D:5      | Noticed Blork the orc
    34 | D:5      | Reached XP level 2. HP: 19/19 MP: 2/2
   277 | D:5      | Noticed an ogre
   281 | D:5      | Killed an ogre
   282 | D:5      | Reached skill level 7 in Stealth
   282 | D:5      | Reached XP level 3. HP: 24/24 MP: 3/3
   282 | D:5      | Reached XP level 4. HP: 29/29 MP: 4/4
   291 | D:5      | Reached XP level 5. HP: 33/33 MP: 5/5
   381 | D:6      | Found a staircase to the Ecumenical Temple.
   416 | D:6      | Reached skill level 5 in Short Blades
   416 | D:6      | Reached XP level 6. HP: 7/38 MP: 6/6
   912 | D:6      | Noticed a steam dragon
   916 | D:6      | Killed a steam dragon
   917 | D:6      | Reached skill level 8 in Stealth
   917 | D:6      | Reached XP level 7. HP: 44/44 MP: 7/7
  1166 | D:5      | Found a hazy altar of Hepliaklqana.
  1414 | D:7      | Noticed Menkaure
  1418 | D:7      | Killed Menkaure
  1419 | D:7      | Reached skill level 5 in Fighting
  1462 | D:6      | Noticed a shadow
  1503 | D:6      | Slain by a shadow

Illustrated notes

Levels and vault maps discovered:
D:4:      layout_rooms, nicolae_qazlal_general_emergency,
          hangedman_abyss_or_decor_passed, minmay_shop_damaged,
          minmay_fountain_box, minivault_1, minmay_misc_feat_plants
D:5:      layout_basic, nicolae_hepliaklqana_monster_ancestors,
          gup_sewer_entry_spiral, uniq_blork_the_orc, uniq_duvessa
D:6:      layout_rooms, minmay_temple_entry_from_below_b
D:7:      layout_cave_pools, kennysheep_nub, kennysheep_small_square,
          uniq_menkaure

Skill      XL: |  1  2  3  4  5  6  7 |
---------------+----------------------+-----
Short Blades   | 3 4 5 6 7 |  7.2
Dodging        | 3 4 |  4.9
Stealth        | 7 8 |  8.4
Fighting       | 4 5 |  5.1

Action                   |  1- 3 |  4- 6 |  7- 9 || total
-------------------------+-------+-------+-------++-------
Melee: Short sword       |    16 |    46 |    60 ||   122
       Punch             |       |     1 |     1 ||     2
Throw: Throwing net      |       |       |     1 ||     1
Evoke: Wand              |       |     2 |       ||     2
  Use: Scroll            |     2 |     1 |     7 ||    10
       Potion            |     1 |       |       ||     1
 Stab: Sleeping          |     3 |     4 |     3 ||    10
       Distracted        |       |     1 |       ||     1
Armor: Leather armour    |     1 |     6 |     3 ||    10
Dodge: Dodged            |     8 |    32 |    33 ||    73

Table legend: (Time is in decaauts)
 A = Elapsed time spent in this place.
 B = Non-inter-level travel time spent in this place.
 C = Inter-level travel time spent in this place.
 D = Time resting spent in this place.
 E = Time spent auto-exploring this place.
 F = Levels seen in this place.
 G = Mean time per level.
                   A        B        C        D        E       F      G
               +--------+--------+--------+--------+--------+-----+--------+
         Total |   1449 |   1338 |    111 |    115 |    741 |   4 |  362.2 |
       Dungeon |   1449 |   1338 |    111 |    115 |    741 |   4 |  362.2 |
               +--------+--------+--------+--------+--------+-----+--------+

Top non-repeatable levels by time:
     D:6: 881 daAuts
     D:5: 502 daAuts
     D:4: 47 daAuts
     D:7: 17 daAuts
